[Event "FIDE CB Open 2022"]
[Site "Ceske Budejovice"]
[Date "2022.07.06"]
[Round "6.16"]
[White "Lacina, Adolf"]
[Black "Zauner, Christoph"]
[Result "1/2-1/2"]
[ECO "B22"]
[WhiteElo "2225"]
[BlackElo "1963"]
[Annotator "TA"]
[PlyCount "48"]
[EventDate "2022.07.01"]
[EventType "swiss"]
[EventCountry "CZE"]
[SourceTitle "playchess.com"]
[Source "ChessBase"]
[SourceQuality "1"]
[TimeControl "40/5400+30:1800+30"]

1. e4 c5 2. Nf3 Nc6 3. c3 d5 4. exd5 Qxd5 5. d4 Bg4 6. Be2 e6 7. O-O Nf6 8. h3 Bh5 9. Be3 cxd4 10. cxd4 Be7 11. Nc3 Qd8 12. Qb3 a6 {[%emt 0:07:45] B22: Sicilian: 2 c3.} 13. d5 ({Avoid the trap} 13. Qxb7 $2 Na5 14. Bb5+ Kf8 15. Qxa6 Rxa6 16. Bxa6 Bxf3 17. gxf3 g5 $19) 13... Na5 {[%emt 0:07:38] [#]} 14. Qa4+ $146 ({Predecessor:} 14. Qb6 exd5 15. Rad1 Qxb6 16. Bxb6 Nc4 17. Bxc4 Bxf3 18. gxf3 dxc4 19. Rfe1 Kf8 20. Ne4 {0-1 (34) Pesic,N (2355)-Zalahoras,N Kavala 1995}) 14... b5 {[%emt 0:00:32] White has an edge.} 15. Qd4 {[%emt 0:03:23] Hoping for g4.} exd5 16. Rfd1 {[%emt 0:04:41] Black should prevent g4.} Nc4 (16... Nc6 $11 17. Qd2 O-O) 17. Nxd5 ({White should play} 17. g4 $16) 17... Qxd5 $11 18. Qxd5 Nxd5 19. Rxd5 Bxf3 20. Bxf3 Rd8 (20... Nxe3 $11 21. Rd3 (21. fxe3 O-O $11) 21... Nc2 22. Bc6+ Kf8) 21. Bd4 (21. Rxd8+ $16 Kxd8 22. Rd1+ Kc7 23. Rc1) 21... O-O $1 22. Re1 Bb4 {[%emt 0:00:45] The position is equal.} (22... Nd2 $2 23. Rxd8 Bxd8 24. Bc5 Nxf3+ 25. gxf3 $18) 23. Bc3 Bxc3 24. bxc3 Nd2 {[%emt 0:00:43] Weighted Error Value: White=0.42/Black=0.30} 1/2-1/2

[Event "FIDE CB Open 2022"]
[Site "Ceske Budejovice"]
[Date "2022.07.06"]
[Round "6.17"]
[White "Kovalskyi, Roman"]
[Black "Cuhra, Martin"]
[Result "0-1"]
[ECO "C55"]
[WhiteElo "2056"]
[BlackElo "2225"]
[Annotator "TA"]
[PlyCount "100"]
[EventDate "2022.07.01"]
[EventType "swiss"]
[EventCountry "CZE"]
[SourceTitle "playchess.com"]
[Source "ChessBase"]
[SourceQuality "1"]
[TimeControl "40/5400+30:1800+30"]

1. e4 e5 2. Nf3 Nc6 3. Bc4 Nf6 4. d3 Be7 5. O-O d6 6. a4 Be6 {[%emt 0:04:17] C55: Two Knights: 4 d3, 4 d4 exd4 5 e5 and Max Lange Attack.} 7. Bxe6 fxe6 8. Re1 {[%emt 0:00:33] [#]} Qd7 $146 {[%emt 0:02:10] White has an edge.} ({Predecessor:} 8... O-O 9. c3 Qe8 10. Qb3 Nd8 11. d4 Nd7 12. Be3 Qh5 13. Nbd2 Kh8 14. a5 g5 {1-0 (50) Salimaki,J (2136)-Miettinen,T (2025) Helsinki 2019}) 9. c3 h6 10. d4 exd4 11. cxd4 O-O 12. Nc3 Rad8 13. a5 d5 $1 14. exd5 exd5 (14... Nxd5 $5 15. Qd3 Rf6 $11) 15. Ne5 Nxe5 16. dxe5 Ne4 (16... Ng4 $2 17. e6 Nxf2 18. exd7 $18) 17. Nxe4 dxe4 18. Qxd7 Rxd7 19. Be3 Rd5 20. Bxa7 Ra8 21. Be3 Raxa5 22. Rxa5 Rxa5 $11 {[%emt 0:00:08][%mdl 4096] Endgame KRB-KRB} 23. Bd2 Rxe5 24. Bf4 {[%emt 0:00:29] Black converts the advantage convincingly.} ({Better is} 24. Kf1 $15) 24... Rb5 $17 25. Bxc7 Rxb2 26. Kf1 Bc5 27. Bg3 Rb4 $1 28. Rd1 Bd4 29. Bd6 {[%emt 0:05:58] [#]} (29. f3 $17) 29... Ra4 $1 $19 30. Re1 $2 (30. f3) 30... Ra1 31. Rxa1 Bxa1 {[%emt 0:00:02] KB-KB} 32. Bc5 {[%emt 0:00:51] [#]} Kf7 $1 33. f3 $2 (33. Bb6 Ke6 34. Ke2) 33... exf3 34. gxf3 Ke6 35. Ke2 Kd5 36. Bf8 Kc4 37. Ke3 b5 38. Kd2 b4 39. Kc2 Be5 40. f4 Bf6 (40... b3+ $142 41. Kb1 Bd4) 41. h3 b3+ {[%emt 0:30:11] Black mates.} 42. Kd2 Kd4 43. Bd6 Ke4 44. h4 h5 45. Kc1 Kf5 46. Kb1 Kg4 47. Be5 Bxe5 48. fxe5 Kf5 (48... Kxh4 $2 49. e6 $18) 49. Kb2 Kxe5 50. Kxb3 Kf5 {[%emt 0:00:05] Weighted Error Value: White=0.52/Black=0.09 (flawless)} 0-1

[Event "FIDE CB Open 2022"]
[Site "Ceske Budejovice"]
[Date "2022.07.06"]
[Round "6.18"]
[White "Mostbauer, Maximilian"]
[Black "Vrchotka, Josef"]
[Result "1-0"]
[ECO "A05"]
[WhiteElo "2192"]
[BlackElo "1959"]
[Annotator "TA"]
[PlyCount "73"]
[EventDate "2022.07.01"]
[EventType "swiss"]
[EventCountry "CZE"]
[SourceTitle "playchess.com"]
[Source "ChessBase"]
[SourceQuality "1"]
[TimeControl "40/5400+30:1800+30"]

1. d4 Nf6 2. Nf3 g6 3. g3 Bg7 4. Bg2 O-O 5. O-O d5 6. b3 c5 7. Bb2 $1 {[%emt 0:00:06] 7.Bb2 is better than 7.e3.} Nc6 {[%emt 0:00:30] A05: Réti Opening: 1 Nf3 Nf6.} 8. e3 Re8 9. Nbd2 {[%emt 0:05:01] [#]} Bf5 $146 {[%emt 0:03:05] The position is equal.} ({Predecessor:} 9... cxd4 10. exd4 Bf5 11. a3 Rc8 12. Rc1 Bh6 13. h3 Ne4 14. g4 Be6 15. Qe2 f5 16. Rcd1 Qd7 17. Nxe4 fxe4 18. Ne1 {½-½ (18) Majer,J (2240)-Novosadova,K (2184) Czech Republic 2018}) 10. dxc5 e5 {[%emt 0:02:24] Prevents Nd4.} 11. a3 a5 12. b4 (12. c4 {keeps more tension.} Bd3 13. Re1 dxc4 14. Nxc4 Bxc4 15. bxc4 Nd7 16. Ng5) 12... axb4 13. axb4 Nxb4 14. Bxe5 Bxc2 {[%emt 0:07:22] [#]} 15. Rxa8 $1 Qxa8 16. Qa1 {[%emt 0:00:16] Hoping for Qc3.} Qxa1 17. Rxa1 Nc6 18. Bd4 Ne4 19. Bxg7 Kxg7 20. Ra2 Bd3 21. Nxe4 Bxe4 22. Nd4 Nxd4 23. exd4 Bxg2 24. Kxg2 $11 {[%emt 0:00:33][%mdl 4096] Endgame KR-KR} Re4 25. Ra4 h5 26. h4 Kf6 (26... Kf8 $14) 27. Rb4 $16 Kg7 (27... Re7 $16) 28. Kf1 $18 (28. Rxb7 Rxd4 29. Rd7 Kf6 $11) 28... Kf8 {[%emt 0:00:44] [#]} 29. f3 $1 ({Don't do} 29. Rxb7 $6 Rxd4 30. Rd7 Rd2 $14) 29... Re7 30. Rb6 Rd7 (30... Ke8 {was called for.} 31. Kf2 Kd8) 31. Kf2 {[%emt 0:00:11] Strongly threatening Ke3.} Kg7 32. Ke3 Re7+ (32... f6 {was necessary.} 33. Kf2 Kf7) 33. Kf4 Re6 (33... Kh8 $142 34. Rf6 Kg7) 34. Rxe6 fxe6 35. Ke5 Kf7 36. g4 $2 (36. Kd6 $18 {Threatens to win with f4.} Kf6 37. f4 (37. Kc7 e5 $16)) 36... Ke7 $2 (36... g5 $11 37. gxh5 (37. hxg5 $2 h4 $19) 37... gxh4) 37. g5 {[%emt 0:00:59] Weighted Error Value: White=0.22 (precise) /Black=0.31} 1-0

[Event "FIDE CB Open 2022"]
[Site "Ceske Budejovice"]
[Date "2022.07.06"]
[Round "6.19"]
[White "Radovic, Stefan"]
[Black "Vybiral, Zdenek"]
[Result "0-1"]
[ECO "B22"]
[WhiteElo "2018"]
[BlackElo "2143"]
[Annotator "TA"]
[PlyCount "74"]
[EventDate "2022.07.01"]
[EventType "swiss"]
[EventCountry "CZE"]
[SourceTitle "playchess.com"]
[Source "ChessBase"]
[SourceQuality "1"]
[TimeControl "40/5400+30:1800+30"]

1. e4 c5 2. c3 Nf6 3. e5 Nd5 4. Nf3 e6 5. d4 cxd4 6. cxd4 b6 7. Nc3 Nxc3 8. bxc3 Qc7 9. Bd2 Be7 10. Bd3 Ba6 11. Bxa6 Nxa6 12. O-O {[%emt 0:00:34] B22: Sicilian: 2 c3.} (12. Qe2 $5 Nb8 13. O-O $14) 12... Qc4 {[%emt 0:08:49] Inhibits Qe2.} 13. Re1 {[%emt 0:16:41] [#]} Nc7 $146 ({Predecessor:} 13... Rc8 14. Re4 f5 15. exf6 Bxf6 16. Qb3 O-O 17. Rae1 Rc6 18. h4 Nc7 19. h5 Nd5 {½-½ (36) Vatter,H (2121)-Huber,P (1620) Playchess.com INT 2020}) 14. Re4 (14. Qb3 $11 Qxb3 15. axb3) 14... Nd5 $15 15. Rg4 g6 16. h4 Rc8 17. a4 Qd3 18. Ne1 Qf5 19. Rc1 Rc4 {[%emt 0:02:30] Black is more active.} (19... h5 $17 20. Rg3 Bxh4) 20. Qb3 (20. Qe2 $14 {keeps the upper hand.} Rxa4 21. c4) 20... Qxg4 (20... Rxc3 $1 $17 21. Rxc3 Nxc3 22. Qxc3 Qxg4 23. Qc8+ Bd8) 21. Qxc4 $11 O-O 22. Nf3 Bxh4 23. Qd3 (23. Qb5 $11) 23... f6 $40 {[%emt 0:03:07][%mdl 128] White needs to defend precisely.} ({Black should try} 23... Nf4 $15 24. Bxf4 Qxf4) 24. Re1 {[%emt 0:01:01] Black must now prevent Re4.} Bg5 (24... fxe5 $11 25. dxe5 Nf4 26. Bxf4 Rxf4) 25. Re4 $1 $14 Qh5 {[%emt 0:00:06] Hoping for ...Bxd2.} 26. c4 Bxd2 27. Qxd2 (27. cxd5 $11 {was the only way to keep the balance.} Bb4 28. dxe6 dxe6 29. d5) 27... Qf5 $17 28. Rh4 {[%emt 0:00:28] [#]} g5 $1 29. Rh3 {[%emt 0:04:05][%mdl 8192] [#] Loses the game.} (29. Rh6 $17 Nf4 30. Rxf6) 29... Nf4 $1 $19 30. Rg3 Nh5 {[%emt 0:03:53] Black is clearly winning.} 31. Rh3 g4 $1 32. Nh4 (32. Rxh5 $142 Qxh5 33. Ne1) 32... Qb1+ 33. Kh2 gxh3 34. Qh6 {[%emt 0:00:06] [#]} hxg2 $1 35. Kxg2 (35. Nxg2 Qd1) 35... Qe4+ 36. Kh3 Nf4+ 37. Kh2 fxe5 {[%emt 0:01:19] Weighted Error Value: White=0.96/Black=0.20 (precise)} 0-1

[Event "FIDE CB Open 2022"]
[Site "Ceske Budejovice"]
[Date "2022.07.06"]
[Round "6.20"]
[White "Simunek, Jakub Simon"]
[Black "Panjer, Sidney"]
[Result "1/2-1/2"]
[ECO "C45"]
[WhiteElo "1887"]
[BlackElo "2140"]
[Annotator "TA"]
[PlyCount "85"]
[EventDate "2022.07.01"]
[EventType "swiss"]
[EventCountry "CZE"]
[SourceTitle "playchess.com"]
[Source "ChessBase"]
[SourceQuality "1"]
[TimeControl "40/5400+30:1800+30"]

1. e4 e5 2. Nf3 Nc6 3. d4 exd4 4. Nxd4 Nf6 5. Nxc6 bxc6 6. e5 Qe7 7. Qe2 Nd5 8. h4 (8. c4 $5 Nb6 9. b3 $11) 8... a5 {[%emt 0:04:32] C45: Scotch Game.} 9. Bg5 (9. g3 $11) 9... Qe6 $15 10. g3 Ba6 {[%emt 0:13:58] Black is better.} 11. c4 Nb6 ({Better is} 11... Bb4+ $17 12. Nd2 O-O) 12. Nd2 {[%emt 0:02:34] [#]} (12. b3 $1 $15) 12... Nxc4 $146 ({Predecessor:} 12... Bb4 13. Bh3 Qxc4 14. Qxc4 Nxc4 15. O-O-O Nxd2 16. Bxd2 Bxd2+ 17. Rxd2 Rd8 18. Rhd1 Bc8 {0-1 (59) Kaufman,R (2255)-Diaz Perez,M (2459) Chess.com INT 2021}) 13. Nxc4 {[%emt 0:05:03] aiming for 0-0-0.} Bb4+ 14. Bd2 Bxd2+ (14... Bxc4 $2 15. Qxc4 Qxe5+ 16. Qe2 Qxe2+ 17. Kxe2 $18) 15. Qxd2 {[%emt 0:00:06] Threatens to win with Qc3.} Bxc4 16. Bxc4 Qxc4 17. Qe2 {[%emt 0:04:09] Prevents Qe4.} ({White should play} 17. f4) 17... Qxe2+ $17 18. Kxe2 {[%emt 0:00:05][%mdl 4096] Endgame KRR-KRR} Rb8 19. b3 Ke7 20. Rhd1 Rb4 21. f4 f6 ({Black should try} 21... Rhb8 $17 22. Rd3 d5 23. exd6+ cxd6 24. Re3+ Kd7) 22. exf6+ $15 gxf6 23. Rd3 d6 24. Kf3 f5 (24... Kd7 $17 {With the idea ...a4.} 25. a3 Rb5) 25. Re1+ $11 Kd8 26. Rde3 (26. Re5 $11) 26... d5 $15 27. Rc3 a4 28. bxa4 Rxa4 29. Rec1 d4 30. Rxc6 {[%emt 0:12:02] The position is equal.} Re8 31. Rxc7 Re3+ 32. Kf2 Rxa2+ 33. R7c2 Raa3 34. Rc8+ Kd7 {[%emt 0:00:06] ...Rf3+ is the strong threat.} 35. R1c7+ Kd6 {[%emt 0:00:10] [#] Strongly threatening ...Rf3+.} 36. Rc6+ Kd5 37. Rc5+ Ke4 38. Re5+ Kd3 {[%emt 0:00:11] And now ...Ra2+ would win.} 39. Rxe3+ dxe3+ 40. Kf3 Kd2 {[%emt 0:04:12] ( -> ...e2+)} 41. Re8 ({Avoid the trap} 41. Rd8+ $2 Ke1 42. h5 (42. Re8 $2 e2+ 43. Kg2 Rd3 $19) 42... e2+ 43. Kg2 Ra2 $19) 41... h5 42. Re7 Rd3 43. Re8 {[%emt 0:00:00] Black had all chances to win.  Weighted Error Value: White=0.13 (very precise) /Black=0.16 (very precise)} 1/2-1/2

[Event "FIDE CB Open 2022"]
[Site "Ceske Budejovice"]
[Date "2022.07.06"]
[Round "6.21"]
[White "Hofstadler, Mario"]
[Black "Zezula, Jakub"]
[Result "1/2-1/2"]
[ECO "E09"]
[WhiteElo "2123"]
[BlackElo "1831"]
[Annotator "TA"]
[PlyCount "39"]
[EventDate "2022.07.01"]
[EventType "swiss"]
[EventCountry "CZE"]
[SourceTitle "playchess.com"]
[Source "ChessBase"]
[SourceQuality "1"]
[TimeControl "40/5400+30:1800+30"]

1. Nf3 d5 2. g3 Nf6 3. Bg2 c6 4. c4 e6 5. d4 Be7 6. O-O O-O 7. Qc2 Nbd7 8. Nbd2 b6 9. e4 dxe4 10. Nxe4 Bb7 11. Nxf6+ Nxf6 12. Rd1 Qc8 13. c5 {[%emt 0:04:37] E09: Closed Catalan: Main Line: 7 Qc2 c6 8 Nbd2.} bxc5 14. dxc5 h6 {[%emt 0:01:14] [#]} 15. Bf4 $146 {[%emt 0:06:49] White is slightly better.} ({Predecessor:} 15. b3 Nd5 16. Bb2 Qc7 17. Ne5 Bf6 18. Nc4 Bxb2 19. Qxb2 Qe7 20. Nd6 Rab8 21. Rd2 {1-0 (31) Wendt,J (2357)-Guenther,T (2085) Berlin 2012}) 15... Nd5 16. Nd2 (16. Rac1 $14 {deserves consideration.}) 16... Nxf4 $11 {[%emt 0:05:54] The position is equal.} 17. gxf4 Qc7 18. Nf3 $1 Rad8 (18... Qxf4 $2 19. Rd7 $18) 19. Ne5 Bf6 20. Qc3 {[%emt 0:05:40] Weighted Error Value: White=0.09 (flawless) /Black=0.06 (flawless)} 1/2-1/2

[Event "FIDE CB Open 2022"]
[Site "Ceske Budejovice"]
[Date "2022.07.06"]
[Round "6.22"]
[White "Ondrejat, Miroslav"]
[Black "Vltavsky, Vladimir"]
[Result "1/2-1/2"]
[ECO "C41"]
[WhiteElo "1903"]
[BlackElo "2106"]
[Annotator "TA"]
[PlyCount "66"]
[EventDate "2022.07.01"]
[EventType "swiss"]
[EventCountry "CZE"]
[SourceTitle "playchess.com"]
[Source "ChessBase"]
[SourceQuality "1"]
[TimeControl "40/5400+30:1800+30"]

1. e4 d6 2. d4 Nf6 3. Nc3 e5 4. Nf3 Nbd7 5. Bc4 h6 6. O-O Be7 7. a4 $1 {[%emt 0:00:14][%mdl 4] is recently more successful than 7.Re1.} c6 8. Bb3 {[%emt 0:00:21] [#] C41: Philidor Defence.} b6 $146 ({Predecessor:} 8... a5 9. Qe2 Qc7 10. Rd1 Nf8 11. Be3 Ng6 12. Rd2 O-O 13. Rad1 Ng4 14. h3 Nxe3 15. Qxe3 exd4 16. Rxd4 {1-0 (31) Morris Suzuki,S (2067)-Necula,I (1890) Chess.com INT 2022}) 9. Re1 a6 10. h3 {[%emt 0:13:19] White is more active. White is better.} Qc7 11. dxe5 (11. Nh4 $16) 11... dxe5 $11 12. Bc4 Bb7 13. Qe2 b5 14. axb5 axb5 15. Rxa8+ Bxa8 16. Bd3 (16. Ba2 $1 $14) 16... O-O 17. Nh4 Rd8 18. Nf5 Bf8 19. g4 Nh7 20. h4 Nc5 21. g5 (21. Be3 $15) 21... hxg5 $17 22. hxg5 g6 {[%emt 0:02:05] Inhibits Qh5.} 23. Nh6+ Bxh6 24. gxh6 b4 25. Nd1 Nxd3 26. cxd3 Qd6 (26... Bb7 $17) 27. Ne3 Qxd3 ({Better is} 27... Bb7 $1 $15) 28. Qf3 {[%emt 0:00:29] [#] Rd1 is the strong threat.} Qd6 29. Rd1 Qf6 30. Rxd8+ Qxd8 31. Nc4 Qe7 ({Black should try} 31... Ng5 $11 32. Qg4 {[#]} Nxe4 $1 33. Nxe5 (33. h7+ Kxh7 34. Nxe5 c5 $17) 33... Nf6 34. h7+ Kxh7 35. Nxf7 Nxg4 36. Nxd8 c5) 32. Qg3 $14 {[%emt 0:00:58][%mdl 1024] White has compensation.} c5 33. f3 Nf8 {[%emt 0:00:25] Weighted Error Value: White=0.18 (very precise) /Black=0.16 (very precise)} 1/2-1/2

[Event "FIDE CB Open 2022"]
[Site "Ceske Budejovice"]
[Date "2022.07.06"]
[Round "6.23"]
[White "Dotzer, Lukas"]
[Black "Lang, Simon"]
[Result "0-1"]
[ECO "C09"]
[WhiteElo "2269"]
[BlackElo "1942"]
[Annotator "TA"]
[PlyCount "58"]
[EventDate "2022.07.01"]
[EventType "swiss"]
[EventCountry "CZE"]
[SourceTitle "playchess.com"]
[Source "ChessBase"]
[SourceQuality "1"]
[TimeControl "40/5400+30:1800+30"]

1. e4 e6 2. d4 d5 3. Nd2 c5 4. exd5 exd5 5. dxc5 Bxc5 6. Ngf3 Nc6 7. a3 {[%emt 0:01:44] C09: French Tarrasch: 3...c5 4 exd5 exd5 5 Ngf3 Nc6.} (7. Nb3 $11) 7... Nf6 {[%emt 0:02:43] Hoping for ...Ng4. Black is more active.} (7... Qb6 $5 8. Bd3 (8. Qe2+ Kf8 $17) 8... Bxf2+ 9. Kf1 Be3 $17) 8. Be2 $2 {[%emt 0:02:51][%mdl 8192] [#]} (8. Bd3 $15) 8... O-O $2 (8... Bxf2+ $1 $19 9. Kf1 (9. Kxf2 $2 Ng4+ 10. Ke1 Ne3 $19) 9... Bb6) 9. O-O $11 {[%emt 0:03:40] [#] The position is equal.} Re8 $146 ({Predecessor:} 9... Bf5 10. b4 Be7 11. Bb2 Rc8 12. Rc1 Re8 13. Nb3 a6 14. Nfd4 Nxd4 15. Nxd4 Bg6 16. Bd3 Bxd3 17. Qxd3 {1-0 (26) Siska,K (1735)-Sefcik,O (1139) Slovakia 2019}) 10. b4 Bb6 (10... Bd4 $5 11. Rb1 Bc3 $11) 11. Bb2 Bg4 12. h3 {[%emt 0:08:07] Bxf6 is the strong threat.} Bh5 13. Bd3 {[%emt 0:12:26] [#]} (13. c4 $1 $11 {remains equal.}) 13... Ne4 $1 $17 {[%emt 0:02:49] White is on the road to losing.} 14. g4 (14. Rb1 $17) 14... Bg6 $19 {[%emt 0:02:03] Strongly threatening ...Qc7.} 15. b5 Na5 {[%emt 0:14:36] And now ...h5 would win.} 16. Bd4 Bc7 17. Re1 Qd6 18. Nf1 Rad8 19. Ne3 {[%emt 0:05:14] Prevents Nc4.} (19. Nh4 $17) 19... h5 20. g5 $2 {[%emt 0:02:48] [#]} (20. Nf1) 20... Qf4 (20... Nxf2 $142 $1 21. Kxf2 Qg3+ 22. Kf1 Be4 23. Bxe4 Qxh3+ 24. Ke2 dxe4) 21. h4 Bf5 22. Nxf5 Qxf5 {[%emt 0:00:08] Really sharp!} 23. Bf1 Qg4+ 24. Bg2 ({Reject} 24. Kh1 Nc4 25. Bg2 Ne5 $19) 24... Nc4 25. Kh1 $2 (25. Qd3) 25... Ne5 {[%emt 0:01:56] Pair of Knights!} 26. Rg1 (26. Kg1 $142 Ng6 27. Be3) 26... Qf4 {[%emt 0:02:00] ( -> ...Nxf3)} 27. Qc1 Ng4 ({Worse is} 27... Nxf3 28. Qxf4 Bxf4 29. Bxf3 $11) ({Not} 27... Qg4 $2 28. Qe3 $19) 28. Qf1 (28. Rf1 $19 Qd6 29. Qb2) 28... Qg3 29. fxg3 Nxg3# {[%emt 0:00:05] Weighted Error Value: White=1.27/Black=0.83} 0-1

[Event "FIDE CB Open 2022"]
[Site "Ceske Budejovice"]
[Date "2022.07.06"]
[Round "6.24"]
[White "Hiermann, Dietmar"]
[Black "Zaza, Martin"]
[Result "1/2-1/2"]
[ECO "B01"]
[WhiteElo "2224"]
[BlackElo "1911"]
[Annotator "TA"]
[PlyCount "106"]
[EventDate "2022.07.01"]
[EventType "swiss"]
[EventCountry "CZE"]
[SourceTitle "playchess.com"]
[Source "ChessBase"]
[SourceQuality "1"]
[TimeControl "40/5400+30:1800+30"]

1. e4 d5 2. exd5 Nf6 3. d4 Bg4 4. f3 Bf5 5. Bb5+ Nbd7 6. c4 e6 7. dxe6 Bxe6 8. d5 Bf5 $1 9. Be3 {[%emt 0:01:42] Prevents Bc5. B01: Scandinavian Defence.} (9. Nc3 $14) 9... Bb4+ $15 10. Nd2 $2 (10. Bd2 $11 {and White has nothing to worry.} Bxd2+ 11. Nxd2) 10... Qe7 $19 11. Qe2 {[%emt 0:03:11] [#] Black is clearly better.} O-O-O $146 ({Predecessor:} 11... O-O 12. Bxd7 Nxd7 13. g4 Bg6 14. Nh3 Rfe8 15. Kf2 Qf6 16. Nb3 Ne5 17. Kg2 Nxf3 {0-1 (28) Nguyen T Diem,H-Chau Thi Ngoc,G (2182) Dong Thap 2004}) 12. Bxa7 (12. a3 $142 Bc5 13. Bg5) 12... Bxd2+ 13. Kxd2 $2 (13. Kf1 Qb4 14. Rd1) 13... Qb4+ 14. Kd1 {[%emt 0:00:18] [#]} Rde8 $2 ({Black should play} 14... Nxd5 $1 $19 {[%cal Od7c5][%mdl 512] ( -> ...Nc5!)} 15. Qd2 (15. cxd5 $2 Nb6 $19) 15... Nc5 $1 16. Qxb4 Nxb4+ 17. Ke2 b6 18. Bxb6 cxb6) 15. Qd2 $11 Qxd2+ (15... Nxd5 $1 $11 16. Ne2 (16. Bxd7+ Bxd7 17. cxd5 Qa4+ 18. b3 Qxa7 $15) 16... c6) 16. Kxd2 $16 {[%emt 0:00:42] Threatens to win with Bd4.} b6 (16... c6 $16) 17. Bc6 $2 (17. Ne2 $18) 17... Re7 $11 18. Ne2 {[%emt 0:04:52] Hoping for Nd4.} Ne5 $1 19. Nd4 Bd7 (19... Nxc4+ $15 20. Kc3 Ne3) 20. Bxd7+ Nfxd7 (20... Rxd7 $11 {remains equal.} 21. Kc3 Kb7) 21. b3 $16 Kb7 22. a4 Kxa7 23. f4 Nxc4+ 24. bxc4 Re4 25. Nc6+ ({White should try} 25. Kc3 $1 $16) 25... Kb7 26. a5 {[%emt 0:01:59] Black must now prevent axb6.} Rxc4 27. axb6 Kxb6 28. g3 {[%emt 0:06:08] Rhb1+ is the strong threat.} Kc5 29. Ra5+ (29. Kd3 $5 Kxd5 30. Ne7+ Kc5 31. Ra7 Rd4+ 32. Ke3 $11) 29... Kd6 30. Kd3 Rc5 31. Rxc5 Nxc5+ $11 {[%emt 0:00:05][%mdl 4096] Endgame KRN-KRN} 32. Kc4 Re8 33. Ne5 Re7 34. Kd4 {[%emt 0:02:19] aiming for Nc4+.} Nb3+ 35. Kc3 Nc5 36. Rd1 f6 37. Nc4+ Kd7 38. Kb4 Nb7 39. Rd2 Re4 40. Kc3 Nd6 $1 41. Na3 (41. Nxd6 $15 Kxd6 42. Rd3) 41... Ra4 $1 $19 42. Nc2 Ne4+ 43. Kb3 Nxd2+ 44. Kxa4 {[%emt 0:00:06] [#] KN-KN} Nf1 {[%emt 0:00:03] Against Ne3} (44... Kd6 $1 $19 45. Ne3 Kc5) 45. Kb5 Nxh2 46. Kc5 {[%emt 0:00:18] [#]} g5 $2 (46... h5 $1 $17 {And now ...Nf1 would win.} 47. Ne3 Nf3) 47. fxg5 $11 {[%emt 0:00:27] The position is equal.} fxg5 48. Ne3 h5 49. Kd4 h4 50. gxh4 gxh4 51. Ke4 h3 52. Kf4 Ng4 53. Nxg4 Kd6 {[%emt 0:00:09] And White is the lucky defender.  Weighted Error Value: White=0.54/Black=0.33} 1/2-1/2

[Event "FIDE CB Open 2022"]
[Site "Ceske Budejovice"]
[Date "2022.07.06"]
[Round "6.25"]
[White "Milovs, Daniels"]
[Black "Abdulla, Khayala"]
[Result "0-1"]
[ECO "A31"]
[WhiteElo "1926"]
[BlackElo "2207"]
[Annotator "TA"]
[PlyCount "80"]
[EventDate "2022.07.01"]
[EventType "swiss"]
[EventCountry "CZE"]
[SourceTitle "playchess.com"]
[Source "ChessBase"]
[SourceQuality "1"]
[TimeControl "40/5400+30:1800+30"]

1. e4 c5 2. Nf3 e6 3. d4 cxd4 4. Nxd4 a6 5. c4 Nf6 6. Nc3 Qc7 7. a3 b6 8. Be3 Bb7 9. f3 Be7 10. Be2 d6 11. O-O Nbd7 12. Rc1 Rc8 13. b4 Qb8 14. Nb3 Bd8 15. Qd2 O-O 16. Rfd1 Bc7 {[%emt 0:00:20][%cal Od6d5] A31: Symmetrical English: 2 Nf3 Nf6 3 d4.} 17. Bf4 Ne5 18. Bxe5 dxe5 {[%emt 0:00:06] White is slightly better.} 19. Qe3 Nh5 (19... Bc6 $11 {remains equal.}) 20. c5 $16 b5 {[%emt 0:10:31] [#]} (20... bxc5 $142 21. Nxc5 Bb6) 21. a4 $1 bxa4 22. Nxa4 {[%emt 0:00:10] [#]} Bc6 $146 (22... Nf4 {keeps fighting.}) ({Predecessor:} 22... Nf4 23. Nc3 Nxe2+ 24. Qxe2 Bc6 25. Qxa6 Qxb4 26. Qxc6 Qxb3 27. Nb5 Ba5 28. Qa6 Rxc5 29. Qxa5 Rxc1 30. Rxc1 {0-1 (34) Sergeev,V (2162)-Gurevich,D (2390) Chess.com INT 2019}) 23. Nb6 $18 Bxb6 24. cxb6 Ba4 25. Na5 Bxd1 $11 26. Rxd1 {[%emt 0:05:27] aiming for b7.} Nf4 (26... Rc2 $11) 27. Bf1 Rc2 28. g3 Ng6 29. Rd7 Rd8 30. Rxd8+ Qxd8 31. b7 {[%emt 0:00:21] Nc4 is the strong threat.} Nf8 $1 32. Nb3 h6 {[%emt 0:14:23] Strongly threatening ...Rb2.} 33. Nc5 $1 {[%emt 0:01:21] Threatens to win with Qd3.} Qb6 (33... Qd2 $2 34. Qxd2 Rxd2 35. b8=Q $18) 34. Qd3 $2 (34. Bd3 $2 Ra2 35. Bc4 Ra4 $19) (34. Qa3 $1 $11) 34... Rc1 35. Qxa6 Qxb4 $40 {[%emt 0:00:18][%mdl 128] Black attacks with force.} 36. Qd6 (36. Nd3 {was the only chance.} Qd4+ 37. Kg2) 36... Qb5 ({Not} 36... Nd7 37. Nxd7 Qxd6 38. b8=Q+ Qxb8 39. Nxb8 $11) (36... Qe1 $142 37. Qd3 (37. Qxf8+ {leads to mate.} Kh7) 37... Rb1) 37. Qxf8+ $2 {[%emt 0:02:07] [#]} (37. Nd3 $19 Rb1 38. b8=Q Qxb8 39. Qxb8 Rxb8 40. Nxe5) 37... Kh7 {[%emt 0:00:31][%csl Gc1][%cal Rb5f1] Black mates.} ({And not} 37... Kxf8 38. b8=Q+ Qxb8 39. Nd7+ Ke7 40. Nxb8 $15) 38. Kf2 Qxf1+ 39. Ke3 Rc3+ 40. Kd2 Qc1+ {[%emt 0:00:08] What a bad dream for White.  Weighted Error Value: White=0.87/Black=0.34} 0-1